General information
- name: BNet
- type: Ladder team game (AT/RT)
- host: Battle.net
- saver: CritterDude3
map: Northshire_LV
- players: 8
- length: 26:28
- speed: Fast
- version: 1.10030 W3XP
- replay type: Public
» download(321 KB)
Players
team 1 (winner)

»
Nineup (
blue | 81 APM | 1441 actions | 17:52)
5 Archmage
3 Summon Water Elemental
2 Brilliance Aura
3 Paladin
2 Holy Light
1 Divine Shield
» actions
| Assign group hotkey | 25 | |
| Basic commands | 140 | |
| Build / train | 74 | |
| ESC pressed | 5 | |
| Enter build submenu | 24 | |
| Enter hero's abilities submenu | 8 | |
| Give item / drop item | 4 | |
| Right click | 608 | |
| Select / deselect | 252 | |
| Select group hotkey | 228 | |
| Use ability | 73 | |
1441 total
» units
| Peasant | 15 | |
| Footman | 7 | |
| Goblin Shredder | 2 | |
| Gryphon Rider | 12 | |
| Priest | 4 | |
40 total
» upgrades
| Swords | 3 | |
| Animal War Training | 1 | |
| Priest Training | 2 | |
| Storm Hammers | 1 | |
7 total
» buildings
| Altar of Kings | 1 | |
| Farm | 10 | |
| Barracks | 1 | |
| Arcane Vault | 1 | |
| Town Hall | 2 | |
| Keep | 1 | |
| Lumber Mill | 1 | |
| Blacksmith | 1 | |
| Castle | 1 | |
| Gryphon Aviary | 3 | |
| Arcane Sanctum | 1 | |
23 total
» build order
00:08 Altar of Kings
00:13 Farm
00:15 Barracks
00:53 Farm
01:37 Farm
03:13 Farm
03:39 Arcane Vault
04:22 Town Hall
04:27 Town Hall
04:34 Keep
05:10 Lumber Mill
05:37 Farm
05:40 Blacksmith
05:45 Farm
06:27 Farm
07:22 Castle
07:24 Gryphon Aviary
07:26 Gryphon Aviary
07:29 Gryphon Aviary
07:41 Arcane Sanctum
11:09 Farm
11:13 Farm
11:16 Farm
» items
| Scroll of Regeneration | 2 | |
| Boots of Speed | 1 | |
| Scroll of Town Portal | 4 | |
| Potion of Healing | 2 | |
| Lesser Clarity Potion | 1 | |
| Staff of Sanctuary | 1 | |
| Orb of Lightning | 1 | |
| Healing Salve | 1 | |
13 total

»
james818 (
purple | 65 APM | 1135 actions | 17:27)
4 Tauren Chieftain
2 War Stomp
2 Endurance Aura
2 Shadow Hunter
1 Healing Wave
1 Hex
» actions
| Assign group hotkey | 20 | |
| Basic commands | 112 | |
| Build / train | 89 | |
| Enter build submenu | 20 | |
| Enter hero's abilities submenu | 6 | |
| Give item / drop item | 2 | |
| Right click | 285 | |
| Select / deselect | 279 | |
| Select group hotkey | 251 | |
| Use ability | 71 | |
1135 total
» units
| Peon | 21 | |
| Troll Headhunter/Berserker | 18 | |
| Goblin Shredder | 2 | |
| Shaman | 2 | |
| Troll Witch Doctor | 2 | |
45 total
» upgrades
| Ranged Weapons | 3 | |
| Armor | 2 | |
| Spiked Barricades | 1 | |
| Troll Regeneration | 1 | |
| Shaman Training | 2 | |
| Berserker Upgrade | 1 | |
| Reinforced Defenses | 1 | |
| Witch Doctor Training | 2 | |
13 total
» buildings
| Altar of Storms | 1 | |
| Orc Burrow | 6 | |
| War Mill | 1 | |
| Barracks | 1 | |
| Voodoo Lounge | 1 | |
| Great Hall | 1 | |
| Stronghold | 1 | |
| Watch Tower | 5 | |
| Fortress | 1 | |
| Spirit Lodge | 3 | |
21 total
» build order
00:07 Altar of Storms
00:21 Orc Burrow
00:54 War Mill
01:06 Barracks
01:40 Orc Burrow
02:20 Voodoo Lounge
03:05 Orc Burrow
04:46 Great Hall
05:16 Orc Burrow
05:26 Stronghold
07:08 Watch Tower
08:29 Fortress
09:56 Spirit Lodge
09:59 Spirit Lodge
11:50 Spirit Lodge
12:18 Watch Tower
12:20 Watch Tower
12:21 Watch Tower
13:09 Orc Burrow
13:53 Orc Burrow
16:21 Watch Tower
» items
| Healing Salve | 1 | |
| Scroll of Speed | 4 | |
| Lesser Clarity Potion | 4 | |
| Boots of Speed | 1 | |
| Potion of Healing | 4 | |
| Potion of Lesser Invulnerability | 2 | |
| Scroll of Protection | 3 | |
| Scroll of Town Portal | 1 | |
| Orb of Lightning | 1 | |
21 total
CritterDude3 (
red | 112 APM | 2972 actions | 26:28)
2 Blood Mage
1 Flame Strike
1 Siphon Mana
» actions
| Assign group hotkey | 3 | |
| Basic commands | 28 | |
| Build / train | 121 | |
| Enter build submenu | 28 | |
| Enter hero's abilities submenu | 2 | |
| Give item / drop item | 1 | |
| Right click | 1843 | |
| Select / deselect | 642 | |
| Select group hotkey | 6 | |
| Use ability | 298 | |
2972 total
» units
» upgrades
» buildings
| Altar of Kings | 1 | |
| Farm | 2 | |
| Arcane Vault | 5 | |
| Scout Tower | 36 | |
| Lumber Mill | 1 | |
| Arcane Tower | 1 | |
| Guard Tower | 24 | |
| Keep | 1 | |
71 total
» build order
00:11 Altar of Kings
00:19 Farm
00:31 Farm
00:43 Arcane Vault
01:02 Scout Tower
01:04 Scout Tower
01:12 Lumber Mill
01:38 Scout Tower
01:39 Scout Tower
02:02 Arcane Tower
02:43 Guard Tower
02:45 Scout Tower
02:50 Arcane Vault
03:23 Guard Tower
03:28 Keep
03:47 Guard Tower
03:47 Guard Tower
03:49 Scout Tower
03:49 Scout Tower
03:50 Scout Tower
04:29 Guard Tower
04:36 Arcane Vault
05:09 Guard Tower
05:12 Scout Tower
05:12 Scout Tower
05:13 Scout Tower
05:14 Scout Tower
05:15 Scout Tower
05:16 Guard Tower
05:47 Guard Tower
06:27 Guard Tower
07:39 Guard Tower
07:42 Scout Tower
07:43 Scout Tower
07:43 Scout Tower
07:44 Scout Tower
07:45 Scout Tower
07:45 Scout Tower
07:46 Scout Tower
07:47 Scout Tower
08:11 Arcane Vault
08:14 Guard Tower
08:37 Arcane Vault
09:04 Guard Tower
09:06 Guard Tower
09:36 Guard Tower
10:53 Guard Tower
10:57 Scout Tower
10:57 Scout Tower
11:49 Guard Tower
11:58 Scout Tower
11:58 Scout Tower
11:59 Scout Tower
11:59 Scout Tower
12:33 Guard Tower
13:41 Guard Tower
14:06 Guard Tower
15:42 Scout Tower
15:43 Scout Tower
15:44 Scout Tower
15:45 Scout Tower
15:46 Scout Tower
15:46 Scout Tower
15:47 Scout Tower
15:47 Scout Tower
16:25 Guard Tower
17:03 Guard Tower
17:24 Guard Tower
18:24 Guard Tower
18:24 Scout Tower
19:20 Guard Tower
» items
| Scroll of Regeneration | 2 | |
| Lesser Clarity Potion | 2 | |
| Mechanical Critter | 71 | |
| Boots of Speed | 1 | |
| Staff of Teleportation | 1 | |
| Potion of Healing | 1 | |
78 total
el_sin_nombre_2 (
pink | 72 APM | 1609 actions | 22:19)
4 Mountain King
2 Storm Bolt
2 Bash
2 Paladin
1 Holy Light
1 Devotion Aura
2 Archmage
1 Summon Water Elemental
1 Brilliance Aura
» actions
| Assign group hotkey | 24 | |
| Basic commands | 49 | |
| Build / train | 104 | |
| Enter build submenu | 19 | |
| Enter hero's abilities submenu | 8 | |
| Give item / drop item | 2 | |
| Right click | 397 | |
| Select / deselect | 361 | |
| Select group hotkey | 556 | |
| Use ability | 89 | |
1609 total
» units
| Peasant | 12 | |
| Footman | 4 | |
| Goblin Shredder | 2 | |
| Gryphon Rider | 10 | |
| Priest | 8 | |
| Dragonhawk Rider | 3 | |
| Troll Witch Doctor | 1 | |
40 total
» upgrades
| Swords | 3 | |
| Storm Hammers | 1 | |
| Priest Training | 2 | |
| Armor | 3 | |
| Masonry | 1 | |
10 total
» buildings
| Farm | 13 | |
| Altar of Kings | 1 | |
| Barracks | 2 | |
| Scout Tower | 5 | |
| Arcane Vault | 1 | |
| Arcane Tower | 6 | |
| Lumber Mill | 1 | |
| Keep | 3 | |
| Town Hall | 1 | |
| Blacksmith | 1 | |
| Guard Tower | 5 | |
| Castle | 3 | |
| Gryphon Aviary | 2 | |
| Arcane Sanctum | 1 | |
45 total
» build order
01:00 Farm
01:01 Farm
01:06 Altar of Kings
01:21 Barracks
01:26 Barracks
01:33 Scout Tower
01:41 Arcane Vault
02:06 Arcane Tower
02:06 Arcane Tower
02:06 Arcane Tower
02:10 Lumber Mill
02:17 Farm
02:18 Farm
03:48 Keep
03:48 Keep
03:49 Keep
04:17 Farm
05:27 Town Hall
05:39 Scout Tower
05:40 Scout Tower
05:41 Scout Tower
05:42 Scout Tower
05:56 Blacksmith
06:10 Arcane Tower
06:10 Arcane Tower
06:10 Arcane Tower
06:11 Guard Tower
06:11 Guard Tower
06:11 Guard Tower
06:32 Castle
06:32 Castle
06:32 Castle
06:49 Guard Tower
06:49 Guard Tower
07:36 Gryphon Aviary
07:37 Gryphon Aviary
07:51 Arcane Sanctum
08:17 Farm
08:17 Farm
08:18 Farm
11:07 Farm
11:08 Farm
11:09 Farm
13:56 Farm
13:58 Farm
» items
| Scroll of Regeneration | 3 | |
| Lesser Clarity Potion | 2 | |
| Potion of Healing | 3 | |
| Scroll of Town Portal | 1 | |
9 total
team 2 (loser)
naggersnjuice (
teal | 302 APM | 7961 actions | 26:22)
6 Death Knight
2 Unholy Aura
3 Death Coil
1 Animate Dead
5 Pit Lord
3 Howl of Terror
2 Cleaving Attack
2 Lich
2 Frost Nova
» actions
| Assign group hotkey | 89 | |
| Basic commands | 49 | |
| Build / train | 95 | |
| Enter build submenu | 27 | |
| Enter hero's abilities submenu | 15 | |
| Give item / drop item | 10 | |
| Right click | 1263 | |
| Select / deselect | 572 | |
| Select group hotkey | 5687 | |
| Use ability | 154 | |
7961 total
» units
| Acolyte | 8 | |
| Ghoul | 5 | |
| Crypt Fiend | 6 | |
| Goblin Shredder | 2 | |
| Obsidian Statue | 3 | |
| Frost Wyrm | 9 | |
| Meatwagon | 3 | |
36 total
» upgrades
| Creature Attack | 3 | |
| Creature Carapace | 3 | |
| Burrow | 1 | |
| Web | 1 | |
| Destroyer Form | 1 | |
| Freezing Breath | 1 | |
10 total
» buildings
| Altar of Darkness | 1 | |
| Crypt | 1 | |
| Graveyard | 1 | |
| Ziggurat | 9 | |
| Tomb of Relics | 2 | |
| Necropolis | 1 | |
| Halls of the Dead | 2 | |
| Black Citadel | 2 | |
| Sacrificial Pit | 1 | |
| Slaughterhouse | 1 | |
| Boneyard | 4 | |
| Spirit Tower | 1 | |
26 total
» build order
00:39 Altar of Darkness
00:48 Crypt
00:52 Graveyard
00:59 Ziggurat
01:38 Ziggurat
01:41 Tomb of Relics
03:42 Ziggurat
04:35 Necropolis
05:00 Halls of the Dead
05:00 Halls of the Dead
06:27 Ziggurat
07:39 Black Citadel
07:39 Black Citadel
08:01 Sacrificial Pit
08:11 Ziggurat
08:14 Slaughterhouse
09:10 Ziggurat
09:11 Ziggurat
09:12 Ziggurat
10:12 Boneyard
10:14 Boneyard
10:16 Boneyard
10:57 Ziggurat
11:14 Boneyard
12:14 Tomb of Relics
18:42 Spirit Tower
» items
| Rod of Necromancy | 4 | |
| Potion of Lesser Invulnerability | 4 | |
| Scroll of Healing | 5 | |
| Scroll of Town Portal | 2 | |
| Orb of Corruption | 1 | |
| Scroll of Protection | 1 | |
17 total

»
daggark (
orange | 86 APM | 2279 actions | 26:22)
6 Death Knight
3 Death Coil
2 Unholy Aura
1 Animate Dead
4 Lich
2 Frost Nova
2 Dark Ritual
» actions
| Assign group hotkey | 39 | |
| Basic commands | 19 | |
| Build / train | 74 | |
| Enter build submenu | 23 | |
| Enter hero's abilities submenu | 10 | |
| Give item / drop item | 1 | |
| Remove unit from queue | 2 | |
| Right click | 1101 | |
| Select / deselect | 282 | |
| Select group hotkey | 670 | |
| Use ability | 58 | |
2279 total
» units
| Acolyte | 11 | |
| Ghoul | 4 | |
| Crypt Fiend | 6 | |
| Frost Wyrm | 14 | |
35 total
» upgrades
| Creature Attack | 3 | |
| Web | 1 | |
| Burrow | 1 | |
| Freezing Breath | 1 | |
| Skeletal Mastery | 1 | |
| Necromancer Training | 1 | |
| Banshee Training | 1 | |
| Creature Carapace | 2 | |
| Unholy Strength | 1 | |
| Unholy Armor | 1 | |
13 total
» buildings
| Altar of Darkness | 1 | |
| Ziggurat | 11 | |
| Crypt | 1 | |
| Graveyard | 1 | |
| Tomb of Relics | 1 | |
| Halls of the Dead | 1 | |
| Sacrificial Pit | 1 | |
| Black Citadel | 1 | |
| Boneyard | 3 | |
| Nerubian Tower | 2 | |
| Spirit Tower | 2 | |
25 total
» build order
00:14 Altar of Darkness
00:19 Ziggurat
00:35 Crypt
00:56 Ziggurat
01:30 Graveyard
01:37 Tomb of Relics
03:53 Halls of the Dead
04:30 Ziggurat
06:44 Ziggurat
07:26 Sacrificial Pit
07:32 Black Citadel
08:46 Ziggurat
08:47 Ziggurat
10:22 Boneyard
10:22 Boneyard
10:25 Nerubian Tower
10:40 Ziggurat
10:42 Ziggurat
10:43 Ziggurat
10:44 Ziggurat
12:12 Nerubian Tower
12:13 Spirit Tower
12:15 Spirit Tower
16:41 Boneyard
20:37 Ziggurat
» items
| Rod of Necromancy | 1 | |
| Potion of Healing | 1 | |
| Scroll of Town Portal | 3 | |
| Scroll of Healing | 2 | |
| Potion of Mana | 1 | |
8 total
BDM4LIFE (
green | 125 APM | 2245 actions | 17:55)
5 Crypt Lord
3 Carrion Beetles
1 Impale
1 Spiked Carapace
1 Lich
1 Frost Armor
» actions
| Assign group hotkey | 108 | |
| Basic commands | 83 | |
| Build / train | 84 | |
| Enter build submenu | 18 | |
| Enter hero's abilities submenu | 7 | |
| Give item / drop item | 1 | |
| Right click | 814 | |
| Select / deselect | 439 | |
| Select group hotkey | 625 | |
| Use ability | 66 | |
2245 total
» units
| Acolyte | 9 | |
| Ghoul | 2 | |
| Crypt Fiend | 13 | |
| Forest Troll High Priest | 10 | |
| Goblin Shredder | 1 | |
| Necromancer | 4 | |
| Banshee | 8 | |
| Obsidian Statue | 2 | |
49 total
» upgrades
| Creature Carapace | 2 | |
| Creature Attack | 3 | |
| Web | 1 | |
| Burrow | 1 | |
| Banshee Training | 1 | |
| Necromancer Training | 1 | |
9 total
» buildings
| Crypt | 2 | |
| Ziggurat | 8 | |
| Graveyard | 1 | |
| Altar of Darkness | 2 | |
| Nerubian Tower | 3 | |
| Tomb of Relics | 1 | |
| Halls of the Dead | 2 | |
| Spirit Tower | 1 | |
| Temple of the Damned | 2 | |
| Slaughterhouse | 1 | |
| Black Citadel | 1 | |
24 total
» build order
00:04 Crypt
00:04 Ziggurat
00:45 Graveyard
01:15 Altar of Darkness
01:28 Ziggurat
01:38 Nerubian Tower
01:38 Nerubian Tower
02:44 Altar of Darkness
03:04 Tomb of Relics
04:53 Ziggurat
06:53 Halls of the Dead
06:53 Halls of the Dead
06:58 Ziggurat
07:37 Ziggurat
08:59 Spirit Tower
09:00 Nerubian Tower
09:12 Ziggurat
09:12 Ziggurat
09:13 Ziggurat
10:21 Temple of the Damned
12:18 Crypt
13:23 Slaughterhouse
14:18 Black Citadel
17:13 Temple of the Damned
» items
| Rod of Necromancy | 1 | |
| Scroll of Town Portal | 3 | |
| Potion of Mana | 1 | |
| Scroll of Protection | 1 | |
| Scroll of Healing | 2 | |
8 total

»
jakubzera (
yellow | 77 APM | 2036 actions | 26:22)
5 Crypt Lord
3 Carrion Beetles
2 Spiked Carapace
4 Dark Ranger
2 Life Drain
2 Silence
» actions
| Assign group hotkey | 38 | |
| Basic commands | 138 | |
| Build / train | 115 | |
| ESC pressed | 5 | |
| Enter build submenu | 32 | |
| Enter hero's abilities submenu | 10 | |
| Give item / drop item | 1 | |
| Right click | 611 | |
| Select / deselect | 419 | |
| Select group hotkey | 522 | |
| Use ability | 145 | |
2036 total
» units
| Acolyte | 19 | |
| Ghoul | 16 | |
| Goblin Shredder | 2 | |
| Obsidian Statue | 7 | |
| Gargoyle | 2 | |
| Goblin Sapper | 17 | |
| Goblin Zeppelin | 1 | |
64 total
» upgrades
| Creature Attack | 4 | |
| Creature Carapace | 4 | |
| Destroyer Form | 1 | |
9 total
» buildings
| Graveyard | 1 | |
| Crypt | 1 | |
| Altar of Darkness | 1 | |
| Ziggurat | 8 | |
| Tomb of Relics | 1 | |
| Halls of the Dead | 2 | |
| Spirit Tower | 12 | |
| Necropolis | 1 | |
| Black Citadel | 2 | |
| Slaughterhouse | 3 | |
| Sacrificial Pit | 1 | |
| Boneyard | 2 | |
35 total
» build order
00:41 Graveyard
00:43 Crypt
00:44 Altar of Darkness
01:00 Ziggurat
01:47 Ziggurat
02:09 Tomb of Relics
04:27 Halls of the Dead
04:27 Halls of the Dead
04:46 Ziggurat
05:58 Ziggurat
06:51 Spirit Tower
06:52 Spirit Tower
06:52 Ziggurat
06:53 Necropolis
06:55 Spirit Tower
06:55 Spirit Tower
06:55 Spirit Tower
07:09 Black Citadel
07:10 Black Citadel
07:33 Slaughterhouse
07:35 Slaughterhouse
07:49 Spirit Tower
08:15 Spirit Tower
08:16 Spirit Tower
08:22 Slaughterhouse
11:04 Ziggurat
12:27 Ziggurat
12:28 Spirit Tower
12:29 Ziggurat
16:47 Spirit Tower
16:47 Spirit Tower
18:47 Sacrificial Pit
21:20 Spirit Tower
21:24 Boneyard
21:24 Boneyard
» items
| Rod of Necromancy | 1 | |
| Scroll of Town Portal | 2 | |
| Scroll of Healing | 3 | |
| Potion of Lesser Invulnerability | 1 | |
| Periapt of Vitality | 1 | |
| Circlet of Nobility | 1 | |
| Boots of Speed | 1 | |
10 total
Chat log
(00:07 / All) CritterDude3: what's bdm?
(00:35 / All) CritterDude3: green what's BDM mate
(00:40 / All) BDM4LIFE: STFU
(00:44 / All) CritterDude3: nah
(00:53 / All) jakubzera: lol
(00:55 / All) CritterDude3: brass dance music?
(01:02 / Allies) Nineup: foot to gryph and hawks
(01:05 / All) BDM4LIFE: yea sure
(01:09 / All) CritterDude3: ok thx
(01:50 / All) CritterDude3: wheres everybody from? me toronto
(01:57 / All) BDM4LIFE: LOS ANGELES
(01:57 / All) jakubzera: America
(01:59 / All) jakubzera: CT
(02:02 / All) Nineup: sf
(02:22 / All) CritterDude3: is the SF air back to normal?
(02:28 / All) Nineup: mhm
(02:29 / All) jakubzera: whats sf
(02:30 / All) CritterDude3: nice
(02:32 / All) Nineup: it was only bad like thxgiginv
(02:33 / All) BDM4LIFE: SAN FRANCISCO?
(02:38 / All) jakubzera: why was bad
(02:42 / All) CritterDude3: wildfires
(02:44 / All) Nineup: 6
(02:46 / All) jakubzera: oh
(02:47 / All) jakubzera: :'(
(02:49 / Allies) Nineup: lung cancer LOL
(02:52 / All) jakubzera: Ya worst in history right
(02:53 / All) jakubzera: sry bro
(02:59 / All) jakubzera: fucking rothchild dont give a fuck about climate
(03:02 / All) CritterDude3: lol
(03:02 / All) jakubzera: bill gates announced
(03:07 / All) jakubzera: Carbon something ate
(03:09 / All) CritterDude3: sorry what yellow? what did the rothschilds do
(03:10 / All) jakubzera: to block out sun
(03:21 / All) jakubzera: lol
(03:22 / All) jakubzera: richest man
(03:24 / All) BDM4LIFE: lol once they have robots we're done
(03:28 / All) jakubzera: "IM PUTTING CHEMTRAIL TO COOL EARTH HURR DURR"
(03:30 / All) BDM4LIFE: luckily our generation wont be around
(03:56 / All) CritterDude3: yellow do you ever put parentheses around peoples names
(04:07 / All) jakubzera: WHAT U MEAN
(04:10 / All) CritterDude3: nm
(06:11 / All) CritterDude3: so whats this with bill gates carbon and the rothschilds?
(06:13 / All) jakubzera: GOT APPROVED FOR MY FIRST APARTMENT EVER
(06:14 / All) jakubzera: WHOHOHOOHOH
(06:16 / All) jakubzera: dude
(06:17 / All) jakubzera: bill gates
(06:19 / All) jakubzera: said\
(06:21 / All) jakubzera: 2 weeks ago
(06:25 / All) jakubzera: he put that in air
(06:28 / All) jakubzera: to block out sun
(06:33 / All) CritterDude3: he did it already?
(06:33 / All) jakubzera: climate change = pour death
(06:36 / All) jakubzera: will
(06:39 / All) CritterDude3: when?
(06:45 / All) jakubzera: NIKGGA
(06:47 / All) jakubzera: IM NOT GOOGLE
(07:00 / All) CritterDude3: well usually if you're telling a story you have some details
(07:13 / Allies) Nineup: 2 down here
(07:16 / Allies) Nineup: i mean here
(08:57 / Allies) Nineup: 3
(11:19 / Allies) james818: 3
(11:27 / Allies) james818: fuck team
(11:53 / Allies) Nineup: i had no units
(14:49 / Allies) Nineup: gold pls
(14:51 / Allies) Nineup: red
(16:09 / All) jakubzera: destros
(16:10 / All) jakubzera: best
(16:11 / All) jakubzera: move
(16:11 / All) jakubzera: ever
(16:18 / Allies) james818: b
(16:32 / All) BDM4LIFE: gg
(16:38 / All) jakubzera: lost 1 beetle
(16:39 / All) jakubzera: like for real
(16:39 / All) BDM4LIFE: red was trolling i see
(16:40 / All) jakubzera: lmfao
(16:41 / Allies) james818: fuck red
(16:55 / All) james818: fuck red
(16:56 / All) james818: towers
(16:57 / All) CritterDude3: ??
(17:39 / All) Nineup: gg
(17:41 / All) Nineup: 3v4
(17:46 / All) BDM4LIFE: eh
(17:50 / All) el_sin_nombre_2: red fag
(17:55 / All) CritterDude3: lol
(18:07 / All) CritterDude3: green's just on to the next one huh
(19:39 / All) jakubzera: protip
(19:44 / All) jakubzera: dont build ur towers touching each other
(19:47 / All) jakubzera: to negate frost wyrm breath
(19:51 / All) CritterDude3: i'm the tower guy here
(20:18 / All) CritterDude3: i'm a certified tower expert
(20:27 / All) CritterDude3: https://highper.ch/ my website about towering
(22:33 / All) CritterDude3: he didnt like that
(23:11 / All) jakubzera: NOT 1 TOWER BLUE
(23:14 / All) jakubzera: THATS RARE
(23:24 / All) CritterDude3: blue seemed like a good natured player
(25:27 / All) CritterDude3: gg everybody
(25:34 / All) jakubzera: stfu faggot
(25:36 / All) CritterDude3: nah
(25:37 / All) jakubzera: You ruin everyone's time and energy
(25:39 / All) jakubzera: go fuck urself
(25:42 / All) jakubzera: low life scum
(25:44 / All) jakubzera: how dare u fail at life
(25:45 / All) jakubzera: outside
(25:47 / All) jakubzera: then come here
(25:49 / All) jakubzera: and do it again
(25:51 / All) jakubzera: you're a faggot
(25:57 / All) CritterDude3: gg
(26:00 / All) CritterDude3: : - )
(26:01 / All) jakubzera: need to get laid and stop paying fat black nasty pussy
(26:02 / All) jakubzera: bitch
(26:19 / All) CritterDude3: https://highper.ch